 Dungeon Crawl Stone Soup version 0.26-a0-163-g6c8a0bf695 (webtiles) character file.

Game seed: 1136734455557863382

49 Gargoyl the Skirmisher (level 3, -1/31 HPs)
             Began as a Centaur Abyssal Knight on July 3, 2020.
             Was a Follower of Lugonu.
             Slain by a gnoll
             ... wielding a +0 flail
              (7 damage)
             ... on level 2 of the Dungeon.
             The game lasted 00:01:41 (1472 turns).

Gargoyl the Skirmisher (Centaur Abyssal Knight)     Turns: 1472, Time: 00:01:43

Health: -1/31      AC:  5    Str: 14    XL:     3   Next: 53%
Magic:  4/4        EV:  9    Int: 11    God:    Lugonu [*.....]
Gold:   74         SH:  0    Dex:  9    Spells: 2/2 levels left

rFire    + . .     SeeInvis .   a - +2 hand axe
rCold    . . .     Faith    .   (no shield)
rNeg     . . .     Spirit   .   b - +0 leather armour
rPois    .         Reflect  .   (no helmet)
rElec    .         Harm     .   (no cloak)
rCorr    .         Rnd*Tele +   d - +0 pair of gloves
MR       .....                  (no barding)
Stlth    ..........             n - amulet of regeneration
HPRegen  0.50/turn              e - ring of protection from fire
MPRegen  0.09/turn              j - ring of teleportation (curse)

@: very quick
A: large, hooves 3, deformed body, speed 2, tough skin 3
a: Depart the Abyss, Renounce Religion


You were on level 2 of the Dungeon.
You worshipped Lugonu.
Lugonu was aware of your devotion.
You were not hungry.

You visited 1 branch of the dungeon, and saw 2 of its levels.
You visited the Abyss 1 time.

You collected 74 gold pieces.

Inventory:

Hand Weapons
 a - a +2 hand axe (weapon)
Armour
 b - a +0 leather armour (worn)
 d - a +0 pair of gloves (worn)
Jewellery
 e - a ring of protection from fire (left hand)
 j - a cursed ring of teleportation (right hand)
 n - an amulet of regeneration (around neck)
Scrolls
 h - a scroll of identify
 k - 2 scrolls of magic mapping
Potions
 f - a potion of haste
 m - a potion of brilliance {unknown}
Comestibles
 c - 2 rations
 l - 5 chunks of flesh


   Skills:
 + Level 3.5 Fighting
 + Level 2.0 Axes
 * Level 1.9 Armour
 * Level 1.0 Dodging
 * Level 2.5 Invocations


You had 2 spell levels left.
You didn't know any spells.
Your spell library was empty.

Dungeon Overview and Level Annotations

Branches:
Dungeon (2/15)

Altars:


Innate Abilities, Weirdness & Mutations

You have hooves in place of feet.
Armour fits poorly on your strangely shaped body.
You cover ground very quickly.
You have extremely tough skin. (AC +3)


Message History

The gnoll seems to grow stronger.
The leopard gecko bites you. The gnoll misses you.
You closely miss the gnoll. You kick the gnoll.
The gnoll is moderately wounded.
You hit the gnoll. You barely miss the leopard gecko. You hit the goblin.
You kill the goblin!
Lugonu accepts your kill. The gnoll barely misses you.
The leopard gecko misses you. The gnoll hits you with a +0 flail!
* * * LOW HITPOINT WARNING * * *
The leopard gecko barely misses you.
Found a potion of lignification.
Unknown command.
You hit the gnoll. Your kick misses the gnoll.
The gnoll is heavily wounded.
You barely miss the gnoll. You completely miss the leopard gecko.
You hit the gnoll. The leopard gecko bites you.
* * * LOW HITPOINT WARNING * * *
The gnoll barely misses you. The gnoll hits you with a +0 flail!
You die...

,,,*,,*,*,****,,..,,,*##....#
,,,,,,,,,............##******
,,,,,,,,,.............,,,********
,,,,,,,,,....."......,.....,,,,,*
,,,,,,,,,...........,......,,,,,*
,,,,,,,,,..........#.........,,,,
,,,,,,,,,*#........#..!.......,,,
*,,,,,,,,,#.....gl###...#......,*
*,,,,,,,,,#....g@.(............,*
,,,*+*,,,,#.....)g(...........#**
,,,,,,,,,.....................#
,,,,,,*,,.....####............*
**,,,,*,,.....* ###.......#***
,,,,,,,,,!...,* #.......#
,,,,>,,,,...*** #...รท...######
,,,,,,,,,...* #.............
,,,,,,,,***** #............#


You could see 3 gnolls and a leopard gecko.

Vanquished Creatures
  2 adders (D:2)
  An ooze (D:2)
  A worm (D:2)
  An orc (D:2)
  A ball python (D:1)
  4 bats
  4 goblins
  A hobgoblin (D:2)
  4 kobolds
  A frilled lizard (D:1)
  2 rats (D:1)
22 creatures vanquished.

Notes
Turn   | Place    | Note
-------+----------+-------------------------------------------
     0 | Abyss:1  | Gargoyl the Centaur Abyssal Knight began the quest for the
                  | Orb.
     0 | Abyss:1  | Reached XP level 1. HP: 19/19 MP: 2/2
     1 | Abyss:1  | Found a corrupted altar of Lugonu.
    57 | Abyss:1  | Found a corrupted altar of Lugonu.
   142 | D:1      | Escaped the Abyss
   554 | D:1      | Reached * piety under Lugonu
   854 | D:1      | Reached XP level 2. HP: 26/26 MP: 3/3
  1377 | D:2      | Reached skill level 1 in Dodging
  1384 | D:2      | Reached XP level 3. HP: 31/31 MP: 4/4
  1472 | D:2      | Slain by a gnoll

Illustrated notes

Levels and vault maps discovered:
D:1:      tarquinn_simple_flora_water_c, layout_basic, skrybe_limestone_x
D:2:      layout_basic, first_ration, minmay_small_reverse_x, uniq_robin

Skill      XL: |  1  2 |
---------------+-------+-----
Axes           | 2 |  2.0
Dodging        | 1 |  1.0
Fighting       | |  3.5
Armour         | |  1.9
Invocations    | |  2.5

Action                   || total
-------------------------++-------
Melee: Hand axe          ||    51
       Kick              ||    13
Invok: Depart the Abyss  ||     1
  Use: Potion            ||     2
       Scroll            ||     6
  Eat: Chunk             ||     1
Armor: Leather armour    ||    19
Dodge: Dodged            ||    35

Table legend:
 A = Non-vault XP
 B = Vault XP
 C = Vault XP percentage of total XP
 D = Non-vault monster count
 E = Vault monster count
 F = Vault count percentage of total count
                 A         B        C        D         E       F
            +---------+---------+-------+---------+---------+-------
      Total |      62 |       9 |  12.7 |      19 |       3 |  13.6
            +---------+---------+-------+---------+---------+-------
        D:1 |      15 |       0 |   0.0 |      10 |       0 |   0.0
        D:2 |      47 |       9 |  16.1 |       9 |       3 |  25.0
            +---------+---------+-------+---------+---------+-------
